 Dungeon Crawl Stone Soup version 0.24.0-2-g5b39cebb1c (webtiles) character file.

Game seed: 4842881409463219569, levelgen mode: deterministic

11615 Aviak the Cleaver (level 11, -6/102 HPs)
             Began as a Hill Orc Assassin on Oct 29, 2019.
             Was a Believer of Qazlal.
             Killed from afar by an ice dragon (24 damage)
             ... with a blast of cold
             ... on level 1 of the Lair of Beasts.
             The game lasted 00:20:37 (13581 turns).

Aviak the Cleaver (Hill Orc Assassin)              Turns: 13581, Time: 00:20:38

Health: -6/102     AC:  9    Str: 22    XL:     11   Next: 80%
Magic:  0/18       EV: 12    Int: 11    God:    Qazlal [**....]
Gold:   728        SH:  3    Dex: 12    Spells: 10/10 levels left

rFire    . . .     SeeInvis .   w - +2 battleaxe (drain)
rCold    . . .     Gourm    .   (shield currently unavailable)
rNeg     . . .     Faith    .   J - +0 ring mail
rPois    +         Spirit   +   B - +0 helmet
rElec    .         Reflect  .   d - scarf {Spirit}
rCorr    .         Harm     .   j - +0 pair of gloves
MR       .....                  (no boots)
Stlth    +.........             (no amulet)
HPRegen  0.27/turn              P - ring of poison resistance
MPRegen  0.16/turn              k - +4 ring of strength

@: very slightly contaminated
A: no striking features
a: Upheaval, Renounce Religion


You were on level 1 of the Lair of Beasts.
You worshipped Qazlal.
Qazlal was pleased with you.
You were not hungry.

You visited 3 branches of the dungeon, and saw 13 of its levels.

You collected 728 gold pieces.

Inventory:

Hand Weapons
 v - a +0 war axe
 w - a +2 battleaxe of draining (weapon)
Armour
 d - a scarf of spirit shield (worn)
 j - a +0 pair of gloves (worn)
 q - the +0 chain mail of the Country {*Corrode rElec rPois Str+2}
   (You found it on level 8 of the Dungeon)

   It affects your strength (+2).
   It insulates you from electricity.
   It protects you from poison.
   It may corrode you when you take damage.
 s - a +0 buckler
 B - a +0 helmet (worn)
 E - a +0 cloak
 J - a +0 ring mail (worn)
Jewellery
 h - an uncursed ring of ice
 k - a +4 ring of strength (right hand)
 C - an uncursed ring of protection from cold
 F - an uncursed ring of protection from fire
 P - a ring of poison resistance (left hand)
Wands
 a - a wand of digging (12)
 c - a wand of flame (13)
 e - a wand of iceblast (8)
Scrolls
 g - 2 scrolls of immolation
 i - a scroll of identify
 l - a scroll of torment {unknown}
 m - a scroll of fear {unknown}
 o - 2 scrolls of enchant armour
 r - 4 scrolls of remove curse
 t - 6 scrolls of teleportation
 u - 3 scrolls of enchant weapon
 y - a scroll of amnesia
 I - a scroll of fog
 L - 2 scrolls of random uselessness {unknown}
Potions
 b - a potion of might
 f - 2 potions of haste
 n - 2 potions of mutation {!q}
 p - 4 potions of flight
 A - 3 potions of lignification {!q}
 G - a potion of agility {unknown}
 H - a potion of magic {unknown}
Comestibles
 D - 18 rations


   Skills:
 + Level 11.4 Fighting
   Level 2.0 Short Blades
 + Level 11.4 Axes
 - Level 1.7 Throwing
 + Level 9.4 Armour
 - Level 3.0 Dodging
 - Level 3.2 Stealth
 - Level 4.0 Shields
 + Level 10.6 Invocations


You had 10 spell levels left.
You didn't know any spells.
Your spell library contained the following spells:

 Spells                   Type           Power        Failure   Level  Hunger
 Corona                   Hex            #......      45%         1    ##.....
 Blink                    Tloc           N/A          61%         2    ###....
 Ensorcelled Hibernation  Hex/Ice        #.....       61%         2    ###....
 Shroud of Golubria       Chrm/Tloc      #.....       61%         2    ###....
 Confuse                  Hex            #.......     83%         3    ####...
 Dazzling Spray           Conj/Hex       #.....       83%         3    ####...
 Gell's Gravitas          Tloc           #.........   83%         3    ####...
 Lesser Beckoning         Tloc           #.........   83%         3    ####...
 Teleport Other           Tloc           #.......     83%         3    ####...
 Tukima's Dance           Hex            #.......     83%         3    ####...
 Passage of Golubria      Tloc           N/A          99%         4    #####..


Dungeon Overview and Level Annotations

Branches:
Dungeon (11/15)            Temple (1/1) D:5            Lair (1/6) D:10
    Orc (0/2) D:10

Altars:
Ashenzari
Cheibriados
Dithmenos
Elyvilon
Fedhas
Gozag
Hepliaklqana
Kikubaaqudgha
Makhleb
Nemelex Xobeh
Okawaru
Qazlal
Ru
Sif Muna
Trog
Uskayaw
Vehumet
Wu Jian
Xom
Yredelemnul
Zin
The Shining One

Shops:
D:9 =

Annotations:
Lair:1 3 runed translucent doors, BloaxMan's ghost, novice TrTm


Message History

Moving in this stuff is going to be slow. ...and don't expect to remain undetected.
You are very lightly contaminated with residual magic.
Okay, then.
The ice dragon breathes frost at you. The blast of cold hits you!
* * * LOW HITPOINT WARNING * * *
Okay, then.
Blink to where?
Press: ? - help, Dir - move target cursor
As you read the scroll of blinking, it crumbles to dust.
You start resting.
You flicker for a moment.
You start resting.
The ice dragon is too close now for your liking.
An ice dragon is nearby!
You flicker back into view.
The ice dragon breathes frost at you. The blast of cold hits you!!
You die...

#...# #...... ###..##
##....# #....# ##..##
####.##.# #..#
##.#..#..# #.##
#....#...## #.#
##.........#### ##.#
##..........##.###
#..#
#...........@....#
#.## ##
##...###.######.D####
#.# .#####..## #.#
##....# #.#
...##...####.#
####.####.#
##...........
#.##...#
.#..#.>##P##.
#....### ........###
###### ........#
..##....#


You could see an ice dragon.

Vanquished Creatures
  A two-headed ogre (D:10)
  Sonja (D:11)
  An unseen horror (D:10)
  An oklob plant (D:10)
  Joseph (D:8)
  2 centaur skeletons
  A yaktaur (D:11)
  A troll (D:11)
  Prince Ribbit (D:7)
  4 hornets (D:9)
  A wraith (D:11)
  A wyvern (D:8)
  3 yaks (D:10)
  A soldier ant (D:9)
  2 porcupines (Lair:1)
  3 ice beasts
  5 orc warriors
  A black bear (D:9)
  A hornet zombie (D:11)
  A phantom (D:5)
  5 ogres
  A necrophage (D:7)
  9 wolves (Lair:1)
  2 sky beasts (D:9)
  A crocodile (Lair:1)
  5 centaurs
  9 bullfrogs
  A gnoll sergeant (D:9)
  4 scorpions
  5 killer bees (D:10)
  A water moccasin skeleton (D:7)
  20 wights
  4 crimson imps
  2 centaur zombies
  2 hounds (D:5)
  A bullfrog zombie (D:8)
  4 jellies
  4 orc priests
  9 orc wizards
  A bullfrog skeleton (D:6)
  An iguana (D:5)
  Terence (D:3)
  12 worker ants
  2 hound zombies
  3 worker ant zombies
  8 gnolls (D:9)
  9 adders
  2 shadow imps
  An adder zombie (D:6)
  6 worms
  4 leopard geckos
  30 orcs
  A ball python (D:2)
  6 bats
  3 giant cockroaches
  5 goblins
  8 hobgoblins
  7 jackals (D:5)
  4 kobolds (D:1)
  8 quokkas
  5 frilled lizards
  2 jackal skeletons
  2 quokka skeletons
  10 rats
  A fungus (Lair:1)
  2 plants (D:10)
266 creatures vanquished.

Vanquished Creatures (others)
  An orc (D:11)
  4 toadstools (D:2)
5 creatures vanquished.

Grand Total: 271 creatures vanquished

Notes
Turn   | Place    | Note
-------+----------+-------------------------------------------
     0 | D:1      | Aviak the Hill Orc Assassin began the quest for the Orb.
     0 | D:1      | Reached XP level 1. HP: 18/18 MP: 1/1
    22 | D:1      | Reached skill level 1 in Dodging
   328 | D:1      | Reached XP level 2. HP: 23/25 MP: 2/2
  1401 | D:2      | Reached XP level 3. HP: 19/31 MP: 1/3
  1491 | D:2      | Found a glowing silver altar of Zin.
  2388 | D:3      | Noticed Terence
  2420 | D:3      | Killed Terence
  2420 | D:3      | Reached XP level 4. HP: 28/40 MP: 4/4
  2648 | D:3      | Found a blossoming altar of Fedhas.
  2861 | D:3      | Reached skill level 1 in Axes
  2861 | D:3      | Reached XP level 5. HP: 20/47 MP: 1/5
  2977 | D:3      | Found an opulent altar of Gozag.
  3073 | D:3      | Reached skill level 1 in Shields
  3686 | D:3      | Found a glowing golden altar of the Shining One.
  3779 | D:4      | Found the +6 Majin-Bo {vamp, Archmagi MP+6 Int+6}
  3807 | D:4      | Found a bloodstained altar of Trog.
  4141 | D:4      | Noticed a centaur
  4160 | D:4      | Killed a centaur
  4160 | D:4      | Reached skill level 5 in Fighting
  4160 | D:4      | Reached XP level 6. HP: 9/56 MP: 2/6
  4609 | D:4      | Reached skill level 1 in Armour
  4901 | D:5      | Entered Level 5 of the Dungeon
  4943 | D:5      | Reached XP level 7. HP: 34/61 MP: 5/7
  5189 | D:5      | Found a staircase to the Ecumenical Temple.
  5197 | Temple   | Entered the Ecumenical Temple
  5306 | Temple   | Became a worshipper of Qazlal Stormbringer
  5374 | D:5      | Reached XP level 8. HP: 47/70 MP: 6/8
  5381 | D:5      | Reached skill level 1 in Invocations
  5904 | D:5      | Reached skill level 5 in Axes
  7035 | D:6      | Reached XP level 9. HP: 44/79 MP: 9/12
  7216 | D:6      | Found an ornate altar of the Wu Jian Council.
  7239 | D:6      | Reached skill level 5 in Armour
  7609 | D:6      | Reached * piety under Qazlal
  7632 | D:6      | Found a radiant altar of Vehumet.
  7689 | D:6      | Reached skill level 5 in Invocations
  8193 | D:6      | Found a sacrificial altar of Ru.
  8619 | D:7      | Found a burning altar of Makhleb.
  8621 | D:7      | Found a shadowy altar of Dithmenos.
  8739 | D:7      | Noticed Prince Ribbit
  8892 | D:7      | Killed Prince Ribbit
  9175 | D:8      | Noticed Joseph
  9197 | D:8      | Killed Joseph
  9197 | D:8      | Reached XP level 10. HP: 30/90 MP: 7/15
  9614 | D:8      | Reached ** piety under Qazlal
 10056 | D:8      | Got a translucent chain mail
 10068 | D:8      | Identified the +0 chain mail of the Country {*Corrode rElec
                  | rPois Str+2} (You found it on level 8 of the Dungeon)
 10088 | D:9      | Found Heliufyr's Jewellery Shoppe.
 10917 | D:9      | Paralysed by a hornet for 2 turns
 11106 | D:10     | Entered Level 10 of the Dungeon
 11148 | D:10     | Reached skill level 10 in Fighting
 11348 | D:10     | Found a staircase to the Orcish Mines.
 11355 | D:10     | Found a sacrificial altar of Ru.
 11500 | D:10     | Found a staircase to the Lair.
 11500 | D:10     | Noticed an oklob plant
 11506 | D:10     | Reached skill level 10 in Axes
 11547 | D:10     | Reached XP level 11. HP: 65/101 MP: 10/17
 11565 | D:10     | Noticed a two-headed ogre
 11571 | D:10     | Killed a two-headed ogre
 11775 | D:10     | Found an iron altar of Okawaru.
 11962 | D:10     | Killed an unseen horror
 12348 | D:11     | HP: 5/101 [yaktaur/bolt (26)]
 12505 | D:11     | Reached skill level 10 in Invocations
 12552 | D:11     | Noticed Sonja
 12565 | D:11     | Killed Sonja
 12608 | D:11     | Noticed a cyan ugly thing
 12807 | D:10     | Killed an oklob plant
 12924 | Lair:1   | Entered Level 1 of the Lair of Beasts
 13320 | Lair:1   | Noticed BloaxMan's ghost (novice TrTm)
 13323 | Lair:1   | Noticed a minotaur
 13344 | Lair:1   | Found a runed translucent gate.
 13344 | Lair:1   | Found a runed translucent gate.
 13344 | Lair:1   | Found a runed translucent gate.
 13544 | Lair:1   | Noticed an ice dragon
 13581 | Lair:1   | Killed from afar by an ice dragon

Levels and vault maps discovered:
D:1:      sevenhm_arrival_forest_fort_large_4, layout_loops_corners,
          minmay_misc_feat_more_columns
D:2:      layout_loops_ring, zin_academy, minmay_gold_behind_fungi,
          chequers_serial_rivers_marsh
D:3:      layout_loops_cross, lemuel_crystal_altar,
          nicolae_tso_swordbearing_angel, fedhas_ov_isle_minmay,
          cheibrodos_sewer_entry_bend, uniq_terence
D:4:      layout_rooms, first_ration, bloody_trog
D:5:      layout_rooms, minmay_temple_entry_arrows, serial_co_window_serial,
          co_window_paths_a, co_window_corner_a, co_window_corner_a,
          co_window_paths_a, co_window_paths_b, co_window_broadway_b,
          co_window_of_opportunity_c, co_window_2corner
D:6:      layout_layer_cave, overflow_temple_1_default, lemuel_doored_altar,
          marbit_many_paths
D:7:      layout_gridville, minitemple, uniq_prince_ribbit1
D:8:      layout_loops_cross, uniq_joseph
D:9:      layout_big_octagon, serial_shops, shop, hangedman_pestilent_swarm,
          corexii_leaking_fountain
D:10:     layout_long_grid, dpeg_oklobed_lair, orc_0_dummy, basic_altar,
          okawaru_metal_pillars_3
D:11:     layout_gridville, special_room [special_room_orc], uniq_sonja
Temple:   dshaligram_water_room_temple
Lair:1:   dragon1_lemuel, layout_misc_corridors, maelrawn_ghost_gauntlet_escape,
          minivault_23

Skill      XL: |  1  2  3  4  5  6  7  8  9 10 11 |
---------------+----------------------------------+-----
Dodging        | 1 2 3 |  3.0
Fighting       | 3 4 5 6 7 8 10 11 | 11.4
Axes           | 1 2 3 4 6 8 10 11 | 11.4
Shields        | 2 3 4 |  4.0
Armour         | 1 3 4 6 8 9 |  9.4
Invocations    | 4 6 9 10 | 10.6
Short Blades   | |  2.0
Throwing       | |  1.7
Stealth        | |  3.2

Action                   |  1- 3 |  4- 6 |  7- 9 | 10-12 || total
-------------------------+-------+-------+-------+-------++-------
Melee: Dagger            |   147 |    36 |       |       ||   183
       Hand axe          |       |   142 |       |       ||   142
       War axe           |       |    70 |   315 |       ||   385
       Battleaxe         |       |       |    60 |   306 ||   366
Invok: Upheaval          |       |       |       |    10 ||    10
Evoke: Wand              |       |       |     8 |    10 ||    18
  Use: Potion            |       |     4 |     1 |     9 ||    14
       Scroll            |       |     8 |     4 |     6 ||    18
 Stab: Sleeping          |     3 |     4 |       |       ||     7
       Invisible         |       |       |     6 |     2 ||     8
       Paralysed         |       |       |     6 |       ||     6
  Eat: Chunk             |     5 |     5 |     8 |    10 ||    28
       Ration            |       |     1 |     2 |     1 ||     4
Armor: Robe              |    11 |       |       |       ||    11
       Ring mail         |    24 |    64 |       |   127 ||   215
       Skin              |       |    10 |       |       ||    10
       Chain mail        |       |     8 |   188 |    31 ||   227
Dodge: Dodged            |    76 |   134 |   152 |   246 ||   608
Block: Buckler           |       |    27 |    69 |       ||    96
       Other             |       |       |     3 |    54 ||    57
